 Dungeon Crawl Stone Soup version 0.30-a0-1112-gfb780f5df6 (webtiles) character file.

Game seed: 17151856455207006639

28718 spedboy43 the Fighter (level 13, -5/116 (119) HPs)
             Began as a Pale Draconian Monk on Apr 17, 2023.
             Was the Champion of Fedhas.
             Slain by a hell rat (6 damage)
             ... on level 3 of the Lair of Beasts on Apr 19, 2023.
             The game lasted 00:56:51 (13352 turns).

spedboy43 the Fighter (Pale Draconian Monk)        Turns: 13352, Time: 00:56:52

HP:   -5/116 (119)  AC: 11    Str: 24    XL:     13   Next: 11%
MP:   19/23         EV:  9    Int: 11    God:    Fedhas [******]
Gold: 1474          SH:  0    Dex: 14    Spells: 18/26 levels left

rFire   . . .      SeeInvis .    T - +4 flail (freeze)
rCold   . . .      Faith    .    c - orb {light}
rNeg    . . .      Spirit   .    (body armour unavailable)
rPois   .          Reflect  .    (helmet restricted)
rElec   .          Rampage  .    H - +2 cloak
rCorr   .                        (no gloves)
Will    .....                    (no boots)
Stlth   +                        B - amulet of regeneration
HPRegen 1.19/turn                e - +6 ring of strength
MPRegen 0.18/turn                (no ring)

@: petrifying (expiring), animating dead, glowing, lightly drained, very slow
A: breathe steam, AC +8, unfitting armour, cold-blooded, steam resistance
a: Breathe Steam, Renounce Religion, Wall of Briars, Grow Ballistomycete,
Overgrow, Grow Oklob


You were on level 3 of the Lair of Beasts.
You worshipped Fedhas.
Fedhas was exalted by your worship.
You visited 2 branches of the dungeon, and saw 13 of its levels.
You also visited: Ossuary.

You collected 1864 gold pieces.
You spent 390 gold pieces at shops.

Inventory:

Hand Weapons
 p - a +0 vampiric flail
 w - a +2 short sword of venom
 C - a +2 long sword of freezing
 D - a +1 demon whip of venom
 S - a +4 falchion of freezing
 T - a +4 flail of freezing (weapon)
 W - a +2 heavy spear
 X - a +3 dagger of chaos
Missiles
 h - 4 silver boomerangs
 G - 2 throwing nets
 J - 40 poisoned darts
Armour
 c - an orb of light (worn)
 H - a +2 cloak (worn)
 Q - a +0 plate armour
 V - a +0 cloak
Magical Staves
 v - a staff of fire
 Y - a staff of conjuration
Jewellery
 e - a +6 ring of strength (left hand)
 i - a ring of protection from fire
 n - the ring of the Imbibing Pariah {rElec Str-5 Int+6 SInv}
   (You found it on level 2 of the Dungeon)

   [ring of intelligence]

   Str:       It affects your strength (-5).
   Int:       It affects your intelligence (+6).
   rElec:     It insulates you from electricity.
   SInv:      It lets you see invisible.
 q - an amulet of magic regeneration
 s - a ring of wizardry
 B - an amulet of regeneration (around neck)
 E - a +6 ring of strength
 P - a ring of protection from fire
 R - a +6 ring of strength
 U - the ring of Dishonour {Int+3 Dex+6}
   (You found it on level 2 of the Lair of Beasts)

   [ring of dexterity]

   Int:       It affects your intelligence (+3).
   Dex:       It affects your dexterity (+6).
Wands
 j - a wand of iceblast (13)
 k - a wand of digging (6)
 l - a wand of mindburst (12)
 L - a wand of light (6)
 N - a wand of flame (14)
 O - a wand of charming (5)
Scrolls
 f - 5 scrolls of enchant armour
 t - 8 scrolls of teleportation
 u - a scroll of amnesia
 x - 3 scrolls of fog
 y - 3 scrolls of poison
 K - a scroll of immolation
Potions
 a - 3 potions of mutation
 b - 3 potions of ambrosia
 d - 3 potions of degeneration
 g - a potion of brilliance
 m - 10 potions of curing
 o - 2 potions of lignification
 r - 2 potions of might
 z - a potion of flight
 F - 2 potions of attraction
 I - 2 potions of haste
 M - a potion of magic
 Z - a potion of invisibility


   Skills:
 + Level 12.7 Fighting
 + Level 11.7 Maces & Flails
 + Level 10.8 Dodging
 - Level 7.1 Spellcasting
 + Level 7.5 Necromancy
 - Level 1.5 Fire Magic


You had 18 spell levels left.
You knew the following spells:

 Your Spells              Type           Power      Damage    Failure   Level
a - Freeze                Ice            12%        1d3       17%         1
b - Magic Dart            Conj           12%        1d3       17%         1
c - Animate Dead          Necr           20%        N/A       8%          4
d - Cigotuvi's Dreadful   Necr/Pois/Air  18%        N/A       10%         2

Your spell library contained the following spells:

 Spells                   Type           Power      Damage    Failure   Level
 Searing Ray              Conj           6%         2d4       26%         2
 Frozen Ramparts          Ice            6%         1d1       45%         3
 Gell's Gravitas          Tloc           3%         N/A       45%         3
 Hailstorm                Conj/Ice       3%         3d3       45%         3
 Stone Arrow              Conj/Erth      6%         3d7       45%         3
 Teleport Other           Tloc           3%         N/A       45%         3
 Fulminant Prism          Conj/Hex       1%         3d5       86%         4
 Dispersal                Tloc           1%         N/A       100%        6
 Lehudib's Crystal Spear  Conj/Erth      1%         10d2      100%        8
 Animate Armour           Summ/Erth      Unusable   N/A       N/A         4

Dungeon Overview and Level Annotations

Branches:
Dungeon (10/15)            Temple (0/1) D:4            Lair (3/5) D:10
  Snake (0/4) Lair:2      Ossuary (visited)
  Swamp: Lair:2-3    Shoals: Lair:2-3       Orc: D:9-12

Altars:
Elyvilon
Fedhas
Ru
Vehumet
Zin
The Shining One

Shops:
D:6 =   D:8 *

Annotations:
D:6 2 transporters, greynaab's ghost, amateur GrVM
D:8 3 runed translucent doors, tgirl's ghost, novice SpEn


Innate Abilities, Weirdness & Mutations

You can breathe blasts of scalding, opaque steam.
Your pale cyan-grey scales are hard. (AC +8)
You cannot fit into any form of body armour.
You are cold-blooded and may be slowed by cold attacks.
You are immune to the effects of steam.


Message History

You hit the five-headed hydra.
The five-headed hydra seems to slow down.
You freeze the five-headed hydra.
The five-headed hydra is almost dead.
The wyvern misses you. The hell hound bites you.
* * * LOW HITPOINT WARNING * * *
The hell rat bites you.
* * * LOW HITPOINT WARNING * * *
The rime drake closely misses you. The hell rat bites you!
* * * LOW HITPOINT WARNING * * *
You feel drained.
* * * LOW HITPOINT WARNING * * *
The wyvern barely misses you.
The five-headed hydra barely misses you.
The five-headed hydra closely misses you.
The five-headed hydra bites you!
* * * LOW HITPOINT WARNING * * *
The five-headed hydra bites you.
* * * LOW HITPOINT WARNING * * *
The five-headed hydra bites you.
* * * LOW HITPOINT WARNING * * *
The hell hound closely misses you.
The basilisk bites you but does no damage.
The basilisk misses you.
Your limbs are stiffening.
You thump the five-headed hydra!
The five-headed hydra seems to slow down.
You freeze the five-headed hydra.
You kill the five-headed hydra!
Fedhas appreciates your contribution to the ecosystem.
The ice encasing you melts away. The wyvern closely misses you.
The hell rat barely misses you. The rime drake misses you.
The hell rat bites you!
* * * LOW HITPOINT WARNING * * *
The hell hound bites you.
The hell rat twitches its whiskers.
The basilisk bites you.
* * * LOW HITPOINT WARNING * * *
The basilisk barely misses you. The hell rat bites you!
You die...
Fedhas appreciates your contribution to the ecosystem.

...... ...... ......
♣♣♣♣♣#♣ ##+.#.. ##
#.....## ....#.
####.##...P#.### #.P..#
....#...rr.....# ####....
........hll....# #.##....
#..rl@r...#####.......
.......rkrl.........##....
.........l.....##.####....
..............##### #....
####..........# #####
##.........# # #.........#
## ##.....#... #######.
.#....... #P#..##+


You could see 2 basilisks, a rime drake, a hell hound, 3 wyverns and 6 hell
rats.

Vanquished Creatures
  A hydra (Lair:3)
  A boulder beetle (Lair:1)
  A two-headed ogre (D:9)
  A skyshark (Lair:2)
  Pikel (D:8)
  An elephant (Lair:1)
  4 black mambas
  Maurice (D:9)
  6 cane toads
  An orange demon (Lair:1)
  Psyche (D:9)
  3 komodo dragons
  A rime drake (Lair:3)
  A troll (D:9)
  Grinder (D:5)
  A wraith (Ossuary)
  19 yaks
  A shadow (D:10)
  5 wyverns
  Eustachio (D:5)
  Grum (D:9)
  2 vampire mosquitoes (D:10)
  2 wargs (D:10)
  7 water moccasins
  2 ice beasts
  5 orc warriors
  3 black bears
  3 ogres
  2 wolves (D:9)
  2 lemures (D:8)
  3 phantoms
  4 centaurs
  4 kobold brigands
  5 bullfrogs
  A gnoll sergeant (D:9)
  A scorpion (D:7)
  12 wights
  2 killer bees (D:9)
  2 howler monkeys
  6 jellies
  A gnoll bouda (D:9)
  3 orc priests
  7 orc wizards
  2 iguanas
  4 mummies
  16 gnolls
  3 adders
  3 shadow imps
  3 white imps (D:7)
  A worm (D:4)
  3 dart slugs
  14 orcs
  10 ball pythons
  22 endoplasms
  4 giant cockroaches
  2 gnoll zombies (Ossuary)
  7 goblins
  10 hobgoblins
  6 jackals (D:1)
  2 quokkas
  4 bats
  2 frilled lizards
  4 goblin zombies (Ossuary)
  3 hobgoblin zombies (Ossuary)
  30 kobolds
  6 kobold zombies (Ossuary)
  An orc zombie (Ossuary)
  4 rats
298 creatures vanquished.

Vanquished Creatures (collateral kills)
  Amaemon (Lair:1)
  2 elephants (Lair:1)
  A black mamba (Lair:2)
  3 cane toads (Lair:2)
  A rime drake (Lair:1)
  A polar bear (Lair:3)
  A basilisk (Lair:1)
  4 water moccasins (Lair:2)
  5 bullfrogs
  A hell rat (Lair:3)
  An orc (D:10)
21 creatures vanquished.

Vanquished Creatures (others)
  3 black mamba zombies (Lair:2)
  A komodo dragon zombie (Lair:1)
  A wyvern zombie (Lair:3)
  2 water moccasin zombies (Lair:2)
  A warg zombie (D:10)
  A demonspawn zombie (Lair:1)
  A bullfrog zombie (Lair:1)
  A sleepcap (D:5)
  A hell rat zombie (Lair:3)
  An orc zombie (D:10)
  22 fungi
  17 plants
52 creatures vanquished.

Grand Total: 371 creatures vanquished

Notes
Turn   | Place    | Note
-------+----------+-------------------------------------------
     0 | D:1      | spedboy43 the Draconian Monk began the quest for the Orb.
     0 | D:1      | Reached XP level 1. HP: 19/19 MP: 1/1
   144 | D:1      | Reached XP level 2. HP: 23/26 MP: 2/2
   176 | D:1      | Found a faded altar of an unknown god.
   191 | D:1      | Prayed at the altar of an unknown god.
   191 | D:1      | Became a worshipper of Fedhas Madash
   191 | D:1      | Reached * piety under Fedhas
   191 | D:1      | Reached ** piety under Fedhas
   700 | D:1      | Reached XP level 3. HP: 19/33 MP: 3/3
   888 | D:2      | Reached *** piety under Fedhas
  1058 | D:2      | Identified the ring of the Imbibing Pariah {rElec Str-5
                  | Int+6 SInv}
  1094 | D:2      | Reached skill level 4 in Fighting
  1293 | D:2      | Reached XP level 4. HP: 36/40 MP: 4/4
  1609 | D:3      | Learned a level 1 spell: Freeze
  2189 | D:4      | Noticed a phantom
  2212 | D:4      | Killed a phantom
  2213 | D:4      | Reached skill level 1 in Spellcasting
  2213 | D:4      | Reached XP level 5. HP: 9/47 MP: 4/6
  2567 | D:4      | Found a glowing golden altar of the Shining One.
  2568 | D:4      | Found a glowing silver altar of Zin.
  2569 | D:4      | Found a white marble altar of Elyvilon.
  2617 | D:4      | Found a staircase to the Ecumenical Temple.
  2872 | D:4      | Reached **** piety under Fedhas
  3354 | D:4      | Got the Vellum of the Eternal Void
  3411 | D:5      | Entered Level 5 of the Dungeon
  3417 | D:5      | Found a sand-covered staircase.
  3424 | D:5      | Noticed Eustachio
  3426 | D:5      | Reached XP level 6. HP: 40/55 MP: 8/8
  3430 | Ossuary  | Entered an ossuary
  3430 | Ossuary  | Noticed a wraith
  3430 | Ossuary  | Noticed a wraith
  3430 | Ossuary  | Noticed a wraith
  3726 | Ossuary  | Noticed a wraith
  3739 | Ossuary  | Killed a wraith
  3740 | Ossuary  | Reached skill level 5 in Fighting
  3997 | D:5      | Killed Eustachio
  3998 | D:5      | Reached skill level 5 in Maces & Flails
  3998 | D:5      | Your scales start taking on a pale cyan-grey colour.
  3998 | D:5      | Reached XP level 7. HP: 47/61 MP: 9/11
  3998 | D:5      | Gained mutation: You are immune to the effects of steam.
                  | [Pale Draconian growth]
  4134 | D:5      | Identified the +0 ring mail of Impatience {-Tele rC+ rN+++
                  | Dex+3}
  4641 | D:5      | Reached skill level 6 in Fighting
  4641 | D:5      | Reached skill level 5 in Dodging
  4786 | D:5      | Found a sacrificial altar of Ru.
  4794 | D:5      | Reached XP level 8. HP: 67/70 MP: 13/13
  4836 | D:5      | Noticed Grinder
  4837 | D:5      | Paralysed by Grinder for 3 turns
  4843 | D:5      | Killed Grinder
  5494 | D:6      | Reached skill level 7 in Fighting
  5526 | D:6      | Reached ***** piety under Fedhas
  5537 | D:6      | Reached XP level 9. HP: 15/79 MP: 14/16
  5540 | D:6      | HP: 3/79 [yak (8)]
  5546 | D:6      | Reached skill level 5 in Spellcasting
  5772 | D:6      | Identified a scroll of acquirement
  5772 | D:6      | Acquired 1139 gold pieces
  5912 | D:6      | Found Costrile's Jewellery Emporium.
  5915 | D:6      | Bought an amulet of regeneration for 390 gold pieces
  5960 | D:6      | Noticed greynaab's ghost (amateur GrVM)
  6090 | D:6      | Found a transporter.
  6097 | D:6      | Found a transporter.
  6713 | D:7      | Reached skill level 8 in Fighting
  6762 | D:7      | Found a radiant altar of Vehumet.
  7468 | D:8      | Found a runed translucent gate.
  7470 | D:8      | Found a runed translucent gate.
  7470 | D:8      | Noticed tgirl's ghost (novice SpEn)
  7622 | D:8      | Noticed Pikel
  7623 | D:8      | Found Jeit's CLEARANCE SALE!.
  7634 | D:8      | Killed Pikel
  7635 | D:8      | Reached XP level 10. HP: 90/90 MP: 19/19
  7720 | D:8      | Found a runed translucent gate.
  8732 | D:8      | Upgraded the game from 0.30-a0-1094-g860fb061e7 to
                  | 0.30-a0-1103-g25895a7845
  8789 | D:8      | Reached skill level 9 in Fighting
  8962 | D:9      | Noticed Maurice
  8974 | D:9      | Killed Maurice
  8978 | D:9      | Upgraded the game from 0.30-a0-1103-g25895a7845 to
                  | 0.30-a0-1112-gfb780f5df6
  9101 | D:9      | Noticed Psyche
  9123 | D:9      | Killed Psyche
  9124 | D:9      | Reached skill level 1 in Fire Magic
  9244 | D:9      | Learned a level 1 spell: Magic Dart
  9249 | D:9      | Learned a level 4 spell: Animate Dead
  9332 | D:9      | Noticed a two-headed ogre
  9338 | D:9      | Killed a two-headed ogre
  9339 | D:9      | Reached skill level 10 in Fighting
  9339 | D:9      | Reached skill level 1 in Necromancy
  9561 | D:9      | Noticed Grum
  9571 | D:9      | Killed Grum
  9572 | D:9      | Reached XP level 11. HP: 73/99 MP: 21/21
  9583 | D:9      | Learned a level 2 spell: Cigotuvi's Dreadful Rot
  9700 | D:9      | Reached skill level 11 in Fighting
  9700 | D:9      | Reached skill level 10 in Maces & Flails
  9700 | D:9      | Reached XP level 12. HP: 110/110 MP: 22/22
 10540 | D:10     | Entered Level 10 of the Dungeon
 10624 | D:10     | Reached ****** piety under Fedhas
 10666 | D:10     | Reached skill level 5 in Necromancy
 10691 | D:10     | Found a staircase to the Lair.
 10725 | Lair:1   | Entered Level 1 of the Lair of Beasts
 10753 | Lair:1   | Noticed Amaemon
 10766 | Lair:1   | Killed Amaemon
 10954 | Lair:1   | Reached skill level 10 in Dodging
 10957 | Lair:1   | Your ally Amaemon died
 10985 | Lair:1   | Noticed a boulder beetle
 11011 | Lair:1   | Killed a boulder beetle
 11147 | Lair:1   | Reached skill level 12 in Fighting
 11872 | Lair:2   | Identified the ring of Dishonour {Int+3 Dex+6}
 11932 | Lair:2   | Found a staircase to the Snake Pit.
 11991 | Lair:2   | Identified the +0 helmet of Aptom {Drain rF++ rN+ SInv}
 12260 | Lair:2   | Reached XP level 13. HP: 106/119 MP: 23/23
 13352 | Lair:3   | HP: 5/116 [hell rat (6)]
 13352 | Lair:3   | HP: 1/116 [basilisk (4)]
 13352 | Lair:3   | Slain by a hell rat

Illustrated notes

Levels and vault maps discovered:
D:1:      ebering_trefoil_3fold, layout_basic, ebering_ecumenical_altar_mist,
          serial_bayou_pond_a, nicolae_figureground_sparkle
D:2:      layout_rooms
D:3:      layout_loops_ring
D:4:      layout_basic, good_gods_temple_1,
          minmay_temple_entry_drinking_statues, minivault_5,
          minmay_misc_feat_more_columns
D:5:      layout_basic, nicolae_ru_great_annihilating_truth,
          gup_ossuary_entry_pyramid, uniq_eustachio, uniq_grinder
D:6:      layout_loops_corners, gammafunk_ghost_hive, serial_shops,
          nicolae_shop_real_fake_doors
D:7:      layout_basic, mainiacjoe_overflow_catwalk, corexii_leaking_fountain
D:8:      layout_basic, gammafunk_ghost_nasty_kobolds, nicolae_shop_clearance,
          uniq_pikel
D:9:      layout_irregular_city, uniq_maurice, uniq_grum, uniq_psyche
D:10:     layout_basic, gammafunk_temple_overflow_wave, fedhas_altar_2,
          grunt_temple_overflow_bloody_war, erik_lair_orcish_takeover,
          enter_bailey_7, gammafunk_ghost_smash, nicolae_two_hexagons
Lair:1:   layout_cave_pods, infiniplex_staircase_pool_2, serial_bayou_shore_a,
          uniq_amaemon
Lair:2:   lemuel_slime, layout_small_grid, minmay_snake_entry_six_corridors
Lair:3:   layout_roguey [special_room_mythical_zoo], palyth_hydra_swamp_entry

Skill      XL: |  1  2  3  4  5  6  7  8  9 10 11 12 |
---------------+-------------------------------------+-----
Dodging        | 3 4 5 6 7 8 9 10 | 10.8
Fighting       | 4 5 6 7 8 10 11 12 | 12.7
Maces & Flails | 4 5 6 8 9 10 11 | 11.7
Spellcasting   | 1 2 3 4 6 7 |  7.1
Fire Magic     | 1 |  1.5
Necromancy     | 1 4 7 |  7.5

Action                     |  1- 3 |  4- 6 |  7- 9 | 10-12 | 13-15 || total
---------------------------+-------+-------+-------+-------+-------++-------
  Melee: Mace              |    82 |       |       |       |       ||    82
         Tailslap          |    10 |    27 |    53 |    51 |    12 ||   153
         Flail             |     2 |   169 |   262 |   312 |    69 ||   814
   Cast: Freeze            |       |     1 |       |       |       ||     1
         Magic Dart        |       |       |       |     4 |       ||     4
         Animate Dead      |       |       |       |     5 |     3 ||     8
         Cigotuvi's Dreadf |       |       |       |     2 |       ||     2
 Invoke: Wall of Briars    |       |       |       |     1 |     1 ||     2
Ability: Breathe Steam     |       |       |     5 |       |       ||     5
  Evoke: Wand              |       |     1 |       |     3 |       ||     4
    Use: Scroll            |       |    12 |     7 |    11 |     1 ||    31
         Potion            |       |       |       |     6 |     1 ||     7
   Stab: Sleeping          |       |       |     1 |       |       ||     1
         Petrified         |       |       |       |     1 |       ||     1
         Distracted        |       |       |       |     1 |       ||     1
 Armour: Skin              |    23 |    34 |   105 |    76 |    35 ||   273
  Dodge: Dodged            |    75 |   107 |   236 |   264 |   121 ||   803

Table legend: (Time is in decaauts)
 A = Elapsed time spent in this place.
 B = Non-inter-level travel time spent in this place.
 C = Inter-level travel time spent in this place.
 D = Time resting spent in this place.
 E = Time spent auto-exploring this place.
 F = Levels seen in this place.
 G = Mean time per level.
                   A        B        C        D        E       F      G
               +--------+--------+--------+--------+--------+-----+--------+
         Total |  13464 |  12948 |    516 |   2227 |   6465 |  14 |  961.7 |
       Dungeon |  10262 |  10013 |    249 |   2032 |   5088 |  10 | 1026.2 |
          Lair |   2631 |   2364 |    267 |    195 |   1245 |   3 |  877.0 |
       Ossuary |    570 |    570 |      0 |      0 |    131 |   1 |  570.0 |
               +--------+--------+--------+--------+--------+-----+--------+

Top non-repeatable levels by time:
     D:9: 1687 daAuts
     D:5: 1452 daAuts
     D:8: 1441 daAuts
     D:4: 1255 daAuts
     D:6: 1248 daAuts
  Lair:1: 1148 daAuts
  Lair:2: 1069 daAuts
     D:1: 840 daAuts
     D:7: 788 daAuts
     D:3: 776 daAuts
     D:2: 584 daAuts
 Ossuary: 570 daAuts
  Lair:3: 413 daAuts
    D:10: 186 daAuts
